 Dungeon Crawl Stone Soup version 0.31.0-9-g3a7656b989 (webtiles) character file.

Game seed: 17539903687599992025

455 trckry the Ruffian (level 6, -14/62 HPs)
             Began as a Troll Chaos Knight on Jan 25, 2024.
             Was a Plaything of Xom.
             Demolished by a +0 flail (35 damage)
             ... animated by Xom
             ... on level 4 of the Dungeon.
             The game lasted 00:04:32 (2086 turns).

trckry the Ruffian (Troll Chaos Knight)             Turns: 2086, Time: 00:04:32

Health: -14/62     AC:  5    Str: 23    XL:     6   Next: 76%
Magic:  5/5        EV: 10    Int:  8    God:    Xom [...*..]
Gold:   166        SH:  0    Dex:  9    Spells: 5/5 levels left

rFire   . .          .
                       - Unarmed
rCold   . . .        (no shield)
rNeg    . . .        a - +2 robe
rPois   .            (helmet restricted)
rElec   .            (no cloak)
rCorr   .            (gloves unavailable)
SInv    .            (boots unavailable)
Will    .....        (no amulet)
Stlth   +            (no ring)
HPRegen 1.10/turn    (no ring)
MPRegen 0.09/turn

%: no passive effects
@: no status effects
A: large, unfitting armour, claws 3, regeneration 1, shaggy fur 1, tough skin 1,
deformed body, mutation resistance 1
a: Renounce Religion


You were on level 4 of the Dungeon.
You worshipped Xom.
You were a favourite toy of Xom.
You visited 1 branch of the dungeon, and saw 4 of its levels.

You collected 166 gold pieces.

Inventory:

Missiles
 m - 3 javelins (quivered)
Armour
 a - a +2 robe (worn)
Jewellery
 e - a ring of willpower
Scrolls
 b - a scroll of butterflies
 f - a scroll of enchant weapon {unknown}
 g - 2 scrolls of torment {unknown}
 h - a scroll of amnesia {unknown}
 i - a scroll of fear {unknown}
 j - 4 scrolls of identify {unknown}
 l - a scroll of acquirement {unknown}
Potions
 c - a potion of cancellation {unknown}
 d - a potion of invisibility {unknown}
 k - a potion of magic {unknown}


   Skills:
 + Level 3.8 Fighting
 + Level 3.4 Dodging
 * Level 5.8 Unarmed Combat


You had 5 spell levels left.
You didn't know any spells.
Your spell library contained the following spells:

 Spells                   Type           Power      Damage    Failure   Level
 Call Imp                 Summ           0%         N/A       54%         2
 Sublimation of Blood     Necr           0%         N/A       54%         2
 Summon Hydra             Summ           0%         N/A       100%        7


Dungeon Overview and Level Annotations

Branches:
Dungeon (4/15) Zot: 21923
 Temple: D:4-7

Altars:


Innate Abilities, Weirdness & Mutations

You are too large for most types of armour.
You have claws for hands.
Your natural rate of healing is unusually fast.
You are covered in fur. (AC +1)
You have tough skin. (AC +1)
Armour fits poorly on your strangely shaped body.
You are somewhat resistant to further mutation.


Message History

Your +0 flail hits the giant cockroach.
The giant cockroach dies!
You swap places.
Your +0 flail is engulfed in seething chaos.
Your +0 flail appears confused.
Your +0 flail hits you!!
Things that are here:
a +0 flail; a gnoll corpse Your +0 flail is engulfed in seething chaos.
Your +0 flail seems to grow stronger.
The howler monkey hits you.
Your +0 flail is engulfed in seething chaos.
The your +0 flail misses your +0 flail.
You closely miss the howler monkey. The howler monkey closely misses you.
Your +0 flail is engulfed in seething chaos.
Your +0 flail hits you!
The howler monkey hits you but does no damage.
You closely miss the howler monkey.
Your +0 flail seems less confused.
Your +0 flail is engulfed in seething chaos.
Your +0 flail closely misses the howler monkey.
The howler monkey hits you.
* * * LOW HITPOINT WARNING * * *
Your +0 flail is engulfed in seething chaos.
Your +0 flail barely misses the howler monkey.
You claw the howler monkey!
The howler monkey is moderately wounded.
Your +0 flail is engulfed in seething chaos.
Your +0 flail appears confused.
Your +0 flail hits the howler monkey.
The howler monkey hits your +0 flail but does no damage.
You scratch the howler monkey.
The howler monkey is almost dead.
Your +0 flail is engulfed in seething chaos.
Your +0 flail hits the howler monkey!!!
The howler monkey is killed!
Your +0 flail hits you!!
Ouch! That really hurt!
You die...
Xom chuckles heartily!

#....### #.#
#>. #....# #.#
#.. #....#
#.###.. #....#
#...... #....#
#####..
#######....##
#..
#...........#
###
#......§....#
#.....@(....#
#.....§†.$..#
#....^†.....#
#...)..........
#.....#####....
#..... ....
##.... ...
#.... ## #....


You could see a friendly +0 flail (strong, confused).

Vanquished Creatures
  A sky beast (D:3)
  A howler monkey (D:4)
  An orc priest (D:3)
  Jessica (D:2)
  Natasha (thrice) (D:2)
  An orc wizard (D:3)
  A gnoll (D:4)
  3 adders (D:2)
  2 ribbon worms
  5 dart slugs
  10 orcs (D:3)
  4 bats
  4 endoplasms
  4 giant cockroaches
  4 goblins
  8 hobgoblins
  2 kobolds (D:2)
  5 quokkas
  6 ball pythons
  4 frilled lizards
  4 rats
74 creatures vanquished.

Vanquished Creatures (collateral kills)
  3 gnolls (D:4)
  An adder (D:2)
  A giant cockroach (D:4)
5 creatures vanquished.

Grand Total: 79 creatures vanquished

Notes
Turn   | Place    | Note
-------+----------+-------------------------------------------
     0 | D:1      | trckry the Troll Chaos Knight began the quest for the Orb.
     0 | D:1      | Reached XP level 1. HP: 22/22 MP: 0/0
   150 | D:1      | Reached XP level 2. HP: 29/29 MP: 1/1
   364 | D:1      | Found a faded altar of an unknown god.
   574 | D:2      | XOM: noise
   679 | D:2      | Noticed Jessica
   687 | D:2      | Killed Jessica
   688 | D:2      | Reached XP level 3. HP: 30/36 MP: 2/2
   790 | D:2      | Reached skill level 4 in Unarmed Combat
   806 | D:2      | Noticed Natasha
   815 | D:2      | Killed Natasha
   816 | D:2      | Reached XP level 4. HP: 31/44 MP: 3/3
   827 | D:2      | Noticed Natasha
   833 | D:2      | Killed Natasha
   878 | D:2      | Noticed Natasha
   884 | D:2      | Reached XP level 5. HP: 53/53 MP: 4/4
   893 | D:2      | Killed Natasha
   993 | D:2      | XOM: divination: detect items
  1050 | D:2      | XOM: god gift: +0 long sword of chaos
  1317 | D:2      | XOM: enchant monster (good)
  1378 | D:3      | Noticed a sky beast
  1398 | D:3      | Killed a sky beast
  1399 | D:3      | Reached skill level 5 in Unarmed Combat
  1399 | D:3      | Reached XP level 6. HP: 32/61 MP: 5/5
  1482 | D:3      | XOM: polymorph bombardier beetle -> bat
  1494 | D:3      | XOM: give mutations
  1494 | D:3      | Gained mutation: Armour fits poorly on your strangely
                  | shaped body. [Xom's mischief]
  1494 | D:3      | Gained mutation: You are somewhat resistant to further
                  | mutation. [Xom's mischief]
  1592 | D:3      | XOM: smoke on damage
  1666 | D:3      | Identified the +1 pair of boots "Uceapn" {Dex+5}
  1747 | D:3      | XOM: 6-stop teleportation journey
  1950 | D:3      | XOM is BORED!
  2009 | D:3      | XOM: cloud trail
  2086 | D:4      | Demolished by a +0 flail

Illustrated notes

Levels and vault maps discovered:
D:1:      dpeg_arrival_castle, layout_loops_ring,
          hellmonk_ecumenical_altar_inner_sanctum
D:2:      wad_crossroads, layout_basic, uniq_jessica, uniq_natasha
D:3:      layout_loops_ring, amcnicky_mini_rare_corridor_liquid
D:4:      layout_basic, minmay_temple_entry_junction, uniq_duvessa

Skill      XL: |  1  2  3  4  5 |
---------------+----------------+-----
Dodging        | 2 3 |  3.4
Unarmed Combat | 4 5 |  5.8
Fighting       | 3 |  3.8

Action                     |  1- 3 |  4- 6 || total
---------------------------+-------+-------++-------
  Melee: Unarmed           |    55 |   143 ||   198
         Punch             |     1 |     2 ||     3
 Armour: Robe              |    28 |   109 ||   137
  Dodge: Dodged            |    23 |    71 ||    94
